 Dungeon Crawl Stone Soup version 0.27-a0-1200-g94dc6ad4cf (webtiles) character file.

Game seed: 11147102874505872359

69 deadmanwalking the Ducker (level 4, -1/33 HPs)
             Began as a Djinni Hedge Wizard on May 31, 2021.
             Killed from afar by Sigmund (7 damage)
             ... with a magic dart
             ... on level 4 of the Dungeon.
             The game lasted 00:09:46 (3068 turns).

deadmanwalking the Ducker (Djinni Hedge Wizard)     Turns: 3068, Time: 00:09:47

Health: -1/33      AC:  3    Str:  9    XL:     4   Next: 42%
Gold:   40         EV: 13    Int: 16    God:
                   SH:  0    Dex: 13

rFire    + + .     SeeInvis .   a - +0 dagger (freeze)
rCold    x . .     Faith    .   (no shield)
rNeg     . . .     Spirit   .   b - +0 robe
rPois    ∞         Reflect  .   c - +0 hat
rElec    .         Harm     .   (no cloak)
rCorr    .         Rampage  .   k - +0 pair of gloves
Will     .....                  (boots unavailable)
Stlth    ++........             (no amulet)
HPRegen  0.11/turn              (no ring)
MPRegen  0.00/turn              (no ring)

@: flying
A: sickness immunity, fire resistance 2, cold vulnerability 1, float, innate
caster, hp casting, extra vitality 1
a: no special abilities


You were on level 4 of the Dungeon.
You visited 1 branch of the dungeon, and saw 3 of its levels.

You collected 40 gold pieces.

Inventory:

Hand Weapons
 a - a +0 dagger of freezing (weapon)
Missiles
 e - 33 bolts
 f - 52 stones
 n - 8 arrows
Armour
 b - a +0 robe (worn)
 c - a +0 hat (worn)
 k - a +0 pair of gloves (worn)
 p - a +0 kite shield
Scrolls
 h - a scroll of enchant armour {unknown}
 j - a scroll of teleportation {unknown}
 m - 2 scrolls of torment
 o - a scroll of brand weapon
Potions
 d - 2 potions of lignification
 i - 2 potions of cancellation {unknown}
 l - a potion of berserk rage {unknown}


   Skills:
 + Level 1.8 Fighting
 + Level 3.2 Dodging
 - Level 1.5 Stealth
 + Level 0.8 Shields
 + Level 2.9 Spellcasting


You couldn't memorise any spells.
You knew the following spells:

 Your Spells              Type           Power      Damage    Failure   Level
a - Magic Dart            Conj           44%        1d5       5%          1
b - Blink                 Tloc           N/A        N/A       9%          2
c - Call Imp              Summ           11%        N/A       9%          2
d - Slow                  Hex            11%        N/A       9%          2
e - Conjure Flame         Conj/Fire      11%        6-21      17%         3
f - Mephitic Cloud        Conj/Pois/Air  11%        N/A       17%         3
g - Freeze                Ice            44%        1d6       5%          1
Your spell library was empty.

Dungeon Overview and Level Annotations

Branches:
Dungeon (2/15)

Altars:

Shops:
D:2 (

Annotations:
D:4 Sigmund


Innate Abilities, Weirdness & Mutations

You are immune to sickness and miasma.
You are immune to poison.
Your flesh is very heat resistant. (rF++)
You are vulnerable to cold. (rC-)
You float through the air rather than walking.
You learn spells naturally, not from books.
Your magical power is your life essence.
You have superior vitality. (+4 HP)


Message History

Sigmund hits your white imp with a +0 scythe!
Your white imp dies!
Casting: Call Imp (safe; 9% risk of failure)
Confirm with . or Enter, or press ? or * to list all spells.
You miscast Call Imp.
You are very lightly contaminated with residual magic.
Nothing appears to happen.
Sigmund shouts!
Your crimson imp misses Sigmund.
You are too injured to fight recklessly!
Casting: Call Imp (safe; 9% risk of failure)
Confirm with . or Enter, or press ? or * to list all spells.
Aiming: Magic Dart (safe; 5% risk of failure)
Press: ? - help, Shift-Dir - straight line, f/p - Sigmund
Aim: Sigmund, wielding a +0 scythe and wearing a +0 robe (almost dead, ally target, 100% to hit)
Okay, then.
Sigmund casts a spell at himself.
Sigmund flickers and vanishes!
Your crimson imp appears confused.
Your magical contamination has completely faded away.
A magic dart appears from out of thin air!
The magic dart hits you.
You see here a +0 morningstar.
A hobgoblin comes into view.
A puff of flame appears from out of thin air!
The puff of flame hits you. You resist.
* * * LOW HITPOINT WARNING * * *
The hobgoblin shouts!
You hear the rusting of a very distant drain.
Found 5 gold pieces.
A puff of flame appears from out of thin air!
The puff of flame hits you. You resist.
* * * LOW HITPOINT WARNING * * *
You see here a +0 morningstar.
A puff of flame appears from out of thin air!
The puff of flame hits you. You resist.
* * * LOW HITPOINT WARNING * * *
A magic dart appears from out of thin air!
The magic dart hits you!
You die...

#.##.#
#.#########.#
#.[..## #.##.##
#.# ####..#
#.#.†.#####g#####
##{#
#..^#............
#.#
###...#####.#####
#.# ##.## #.# #.#
#.# #.#
#.######.######.#
#...@..)...{##..#
########...g....#
#.............
#.)......####.
##...##.##
##.###.# #.# #.#
#.# #.# ..# .$


You could see a hobgoblin.

Vanquished Creatures
  3 adders
  A worm (D:2)
  A dart slug (D:2)
  4 ball pythons
  A bat (D:2)
  4 endoplasms
  7 hobgoblins
  3 jackals (D:2)
  4 kobolds
  4 frilled lizards
  3 rats
35 creatures vanquished.

Vanquished Creatures (collateral kills)
  A frilled lizard (D:2)
1 creature vanquished.

Grand Total: 36 creatures vanquished

Notes
Turn   | Place    | Note
-------+----------+-------------------------------------------
     0 | D:1      | deadmanwalking the Djinni Hedge Wizard began the quest for
                  | the Orb.
     0 | D:1      | Reached XP level 1. HP: 15/15 MP: 0/0
   602 | D:1      | Reached XP level 2. HP: 19/22 MP: 0/0
   996 | D:1      | Reached skill level 1 in Fighting
  1264 | D:1      | Found a faded altar of an unknown god.
  1594 | D:2      | Reached XP level 3. HP: 5/27 MP: 0/0
  1594 | D:2      | Learned a level 1 spell: Freeze
  2233 | D:2      | Noticed Sigmund
  2534 | D:2      | Reached skill level 3 in Dodging
  2797 | D:2      | Reached XP level 4. HP: 31/32 MP: 0/0
  2820 | D:2      | Found Cishil's Weapon Emporium.
  2856 | D:2      | You are sucked into a shaft and drop 2 floors!
  3068 | D:4      | Killed from afar by Sigmund

Illustrated notes

Levels and vault maps discovered:
D:1:      nzn_arrival_crosshair, layout_loops_corners, basic_ecumenical_altar,
          hangedman_decor_peaks_small, minmay_tromino_v4_c
D:2:      layout_basic, serial_shops, shop, uniq_sigmund
D:4:      layout_loops_ring, lightli_sewer_entry_pipes, serial_rivers,
          chequers_serial_rivers_micro_e, chequers_serial_rivers_micro_c,
          chequers_serial_rivers_small_a, chequers_serial_rivers_large_b

Skill      XL: |  1  2  3 |
---------------+----------+-----
Fighting       | 1 |  1.8
Dodging        | 3 |  3.2
Stealth        | |  1.5
Shields        | |  0.8
Spellcasting   | |  2.9

Action                   |  1- 3 |  4- 6 || total
-------------------------+-------+-------++-------
Melee: Dagger            |    50 |       ||    50
 Cast: Magic Dart        |    72 |    15 ||    87
       Call Imp          |     3 |     8 ||    11
       Slow              |     2 |       ||     2
  Use: Scroll            |     2 |     1 ||     3
 Stab: Sleeping          |     1 |       ||     1
Armor: Robe              |    17 |     1 ||    18
Dodge: Dodged            |    44 |     4 ||    48

Table legend: (Time is in decaauts)
 A = Elapsed time spent in this place.
 B = Non-inter-level travel time spent in this place.
 C = Inter-level travel time spent in this place.
 D = Time resting spent in this place.
 E = Time spent auto-exploring this place.
 F = Levels seen in this place.
 G = Mean time per level.
                   A        B        C        D        E       F      G
               +--------+--------+--------+--------+--------+-----+--------+
         Total |   3070 |   2965 |    105 |      0 |   2476 |   3 | 1023.3 |
       Dungeon |   3070 |   2965 |    105 |      0 |   2476 |   3 | 1023.3 |
               +--------+--------+--------+--------+--------+-----+--------+

Top non-repeatable levels by time:
     D:1: 1821 daAuts
     D:2: 1037 daAuts
     D:4: 211 daAuts
